 Dungeon Crawl Stone Soup version 0.17-a0-2064-g265a032 (webtiles) character file.

4684 pk666 the Nimble (level 10, -11/50 HPs)
             Began as a Deep Elf Wizard on Oct 12, 2015.
             Was a Priest of Sif Muna.
             Mangled by a blink frog (20 damage)
             ... on level 1 of the Lair of Beasts.
             The game lasted 00:44:47 (12375 turns).

pk666 the Nimble (Deep Elf Wizard)                 Turns: 12375, Time: 00:44:47

Health: -11/50     AC:  7    Str:  4    XL:     10   Next: 21%
Magic:  4/34       EV: 20    Int: 27    God:    Sif Muna [***...]
Gold:   480        SH:  0    Dex: 13    Spells: 5 memorised, 16 levels left

rFire  . . .     SeeInvis .     J - +2 dagger (venom)
rCold  . . .     Clarity  .     a - +0 robe
rNeg   . . .     SustAt   .     (no shield)
rPois  .         Gourm    .     b - +0 hat
rElec  .         Spirit   .     M - +2 cloak {MR+}
rCorr  .         Warding  .     j - +0 pair of gloves
rMut   +         Stasis   .     p - +0 pair of boots
MR     ++...                    t - amulet of resist mutation
Stlth  ++........               q - +3 ring of evasion
                                B - ring of magical power

@: repel missiles, very resistant to hostile enchantments, unstealthy
A: no striking features
a: Channel Energy, Forget Spell, Renounce Religion


You were on level 1 of the Lair of Beasts.
You worshipped Sif Muna.
Sif Muna was most pleased with you.
You were not hungry.

You visited 3 branches of the dungeon, and saw 11 of its levels.

You collected 480 gold pieces.

Inventory:

Hand Weapons
 J - a +2 dagger of venom (weapon)
Armour
 a - a +0 robe (worn)
 b - a +0 hat (worn)
 j - a +0 pair of gloves (worn)
 p - a +0 pair of boots (worn)
 M - a +2 cloak of magic resistance (worn)
Jewellery
 k - a +2 ring of evasion
 q - a +3 ring of evasion (right hand)
 t - an amulet of resist mutation (around neck)
 z - an uncursed ring of see invisible
 B - a ring of magical power (left hand)
 D - a +5 ring of intelligence {unknown}
Wands
 r - a wand of magic darts (19)
 s - a wand of slowing (32)
 x - a wand of paralysis (24)
 H - a wand of slowing (14)
Scrolls
 f - a scroll of teleportation
 g - 9 scrolls of identify
 h - a scroll of fog
 l - 2 scrolls of holy word {unknown}
 o - a scroll of random uselessness {unknown}
 u - a scroll of remove curse
 y - a scroll of enchant armour {unknown}
 K - a scroll of magic mapping {unknown}
Potions
 e - a potion of magic {unknown}
 m - 2 potions of invisibility {unknown}
 v - a potion of curing {unknown}
 A - a potion of resistance {unknown}
 C - a potion of flight {unknown}
 E - a potion of mutation {unknown}
 L - a potion of agility {unknown}
Books
 c - a book of Minor Magic

   Spells                             Type                      Level
   a - Magic Dart                     Conjuration                  1
   b - Blink                          Translocation                2
   c - Call Imp                       Summoning                    2
   d - Repel Missiles                 Charms/Air                   2
   e - Slow                           Hexes                        2
   f - Conjure Flame                  Conjuration/Fire             3
   g - Mephitic Cloud                 Conjuration/Poison/Air       3
 G - a book of Conjurations

   Spells                             Type                      Level
   a - Magic Dart                     Conjuration                  1
   b - Searing Ray                    Conjuration                  2
   c - Dazzling Spray                 Conjuration/Hexes            3
   d - Fulminant Prism                Conjuration/Hexes            4
   e - Iskenderun's Mystic Blast      Conjuration                  4
   f - Iskenderun's Battlesphere      Conjuration/Charms           5
 I - a book of Summonings

   Spells                             Type                      Level
   a - Recall                         Summoning/Translocation      3
   b - Aura of Abjuration             Summoning                    5
   c - Shadow Creatures               Summoning                    5
   d - Summon Demon                   Summoning                    5
   e - Summon Forest                  Summoning/Translocation      5
   f - Summon Mana Viper              Hexes/Summoning              5
Comestibles
 d - 13 bread rations
 i - a royal jelly
 n - 3 beef jerkies


   Skills:
 - Level 10.0 Dodging
 - Level 2.4 Stealth
 + Level 9.0 Spellcasting
 + Level 8.0 Conjurations
   Level 1.1 Summonings
 - Level 4.2 Translocations
 + Level 6.2 Fire Magic
 - Level 3.1 Air Magic
 - Level 3.2 Poison Magic


You had 16 spell levels left.
You knew the following spells:

 Your Spells              Type           Power        Failure   Level  Hunger
d - Conjure Flame         Conj/Fire      ######..     1%          3    None
q - Blink                 Tloc           N/A          1%          2    None
w - Repel Missiles        Chrm/Air       ###...       4%          2    None
x - Mephitic Cloud        Conj/Pois/Air  #####...     1%          3    None
z - Magic Dart            Conj           ####         1%          1    None


Dungeon Overview and Level Annotations

Branches:
Dungeon (9/15)             Temple (1/1) D:7            Lair (1/8) D:9
    Orc: D:9-12

Altars:
Ashenzari
Cheibriados
Dithmenos
Elyvilon
Fedhas
Gozag
Kikubaaqudgha
Makhleb
Nemelex Xobeh
Okawaru
Qazlal
Ru
Sif Muna
Trog
Vehumet
Xom
Yredelemnul
Zin
The Shining One

Annotations:
D:9 MordorOrchid's ghost, novice OpIE


Message History

Press: ? - help, Shift-Dir - straight line, f/p - blink frog
Aim: a blink frog (lightly wounded)
The magic dart hits the blink frog.
The blink frog is moderately wounded.
Casting: Magic Dart
Confirm with . or Enter, or press ? or * to list all spells.
Aiming: Magic Dart
Press: ? - help, Shift-Dir - straight line, f/p - blink frog
Aim: a blink frog (moderately wounded)
The magic dart hits the blink frog.
The blink frog is heavily wounded.
Casting: Magic Dart
Confirm with . or Enter, or press ? or * to list all spells.
Aiming: Magic Dart
Press: ? - help, Shift-Dir - straight line, f/p - blink frog
Aim: a blink frog (heavily wounded)
The magic dart hits the blink frog.
The blink frog is heavily wounded.
The blink frog hits you!!
You die...

##.....)................
....
##.....................
....
###..#.P...............
...
#....##................
.
##........F............
#.............†........
.
#............#.P##.....
.
####..F.......F..†.....
. ##.........@........ .
...............###. .
#.......#......# .
##...........#.# .
#..........#### .
...........# .
........... . .......##
. .


You could see 2 blink frogs.

Vanquished Creatures
  3 blink frogs (Lair:1)
  A spriggan (D:7)
  A hippogriff (D:8)
  A hungry ghost (D:4)
  A water moccasin (D:8)
  3 ice beasts
  A porcupine (Lair:1)
  4 orc warriors
  3 centaurs
  3 sky beasts
  3 ogres
  A crocodile (Lair:1)
  9 giant frogs
  6 scorpions
  A water moccasin skeleton (D:5)
  2 killer bees (D:8)
  A hound (D:6)
  A centaur zombie (D:5)
  2 crimson imps
  Crazy Yiuf (D:7)
  An iguana (D:8)
  4 orc priests
  11 orc wizards
  2 giant frog skeletons
  A centaur skeleton (D:5)
  4 worker ants
  A worker ant zombie (D:6)
  3 gnolls (D:7)
  7 adders
  3 adder zombies
  4 worms
  An adder skeleton (D:6)
  44 orcs
  2 ball pythons
  11 hobgoblins
  6 jackals
  2 kobolds
  5 quokkas
  6 bats
  7 giant cockroaches
  8 giant geckos
  A giant gecko skeleton (D:6)
  5 giant newts
  11 goblins
  7 rats
205 creatures vanquished.

Vanquished Creatures (collateral kills)
  A killer bee (D:9)
1 creature vanquished.

Grand Total: 206 creatures vanquished

Notes
Turn   | Place    | Note
--------------------------------------------------------------
     0 | D:1      | pk666 the Deep Elf Wizard began the quest for the Orb.
     0 | D:1      | Reached XP level 1. HP: 10/10 MP: 7/7
   435 | D:1      | Reached XP level 2. HP: 7/15 MP: 3/9
  1160 | D:1      | Reached skill level 5 in Spellcasting
  1638 | D:2      | Reached XP level 3. HP: 19/19 MP: 1/11
  1646 | D:2      | Learned a level 2 spell: Blink
  1649 | D:2      | Learned a level 2 spell: Repel Missiles
  1653 | D:2      | Learned a level 3 spell: Conjure Flame
  1657 | D:2      | Learned a level 3 spell: Mephitic Cloud
  2822 | D:3      | Reached skill level 1 in Air Magic
  2965 | D:3      | Reached skill level 1 in Poison Magic
  2965 | D:3      | Reached XP level 4. HP: 11/24 MP: 0/13
  3298 | D:3      | Reached XP level 5. HP: 28/28 MP: 9/15
  3968 | D:4      | Reached skill level 6 in Spellcasting
  4148 | D:4      | Noticed a hungry ghost
  4160 | D:4      | Killed a hungry ghost
  4160 | D:4      | Reached XP level 6. HP: 32/32 MP: 2/17
  4162 | D:4      | Found a snail-covered altar of Cheibriados.
  4327 | D:4      | Found a deep blue altar of Sif Muna.
  4420 | D:4      | Became a worshipper of Sif Muna the Loreminder
  4540 | D:4      | Noticed an ogre
  4550 | D:4      | Killed an ogre
  4956 | D:5      | Entered Level 5 of the Dungeon
  4959 | D:5      | Found a bloodstained altar of Trog.
  5045 | D:5      | Reached skill level 1 in Fire Magic
  5045 | D:5      | Reached XP level 7. HP: 36/36 MP: 4/19
  5696 | D:5      | Reached skill level 5 in Conjurations
  6112 | D:6      | Reached * piety under Sif Muna
  6436 | D:6      | Reached XP level 8. HP: 41/41 MP: 17/20
  6448 | D:6      | Reached skill level 5 in Dodging
  6939 | D:6      | Found a basalt altar of Yredelemnul.
  6940 | D:6      | Found a stormy altar of Qazlal.
  7238 | D:6      | Found an iron altar of Okawaru.
  7830 | D:7      | Reached ** piety under Sif Muna
  7981 | D:7      | Reached skill level 7 in Dodging
  8095 | D:7      | Found a staircase to the Ecumenical Temple.
  8149 | D:7      | Found an iron altar of Okawaru.
  8248 | D:7      | Reached XP level 9. HP: 38/45 MP: 19/21
  8604 | D:7      | Noticed Crazy Yiuf
  8617 | D:7      | Killed Crazy Yiuf
  8769 | D:7      | Reached skill level 8 in Dodging
  9092 | D:7      | Reached skill level 9 in Dodging
  9216 | Temple   | Entered the Ecumenical Temple
 10025 | D:8      | Reached skill level 10 in Dodging
 10431 | D:8      | Reached skill level 5 in Fire Magic
 11402 | D:9      | Found a staircase to the Lair.
 11403 | D:9      | Noticed a fire drake
 11408 | D:9      | Noticed MordorOrchid's ghost (novice OpIE)
 11694 | D:8      | Reached *** piety under Sif Muna
 11708 | D:8      | Reached XP level 10. HP: 27/50 MP: 7/24
 11942 | Lair:1   | Entered Level 1 of the Lair of Beasts
 12375 | Lair:1   | Mangled by a blink frog

Vault maps used:
D:1:      lordsloth_arrival_two_stooges, minmay_misc_feat_rows
D:3:      grunt_ministairs_11
D:4:      lemuel_doored_altar, led_sif_book
D:5:      lemuel_round_altar, first_bread
D:6:      okawaru_ov_weapons_minmay, gammafunk_temple_overflow_statue
D:7:      minmay_temple_entry_grid, basic_altar, the_bakery,
          hangedman_decor_growths, uniq_crazy_yiuf_cottage
D:9:      minmay_lair_entry_lava, lemuel_mausoleum_altar_yredelemnul
Temple:   minmay_temple_curvy_14

Action                   |  1- 3 |  4- 6 |  7- 9 | 10-12 || total
-------------------------+-------+-------+-------+-------++-------
Melee: Dagger            |     5 |    12 |    68 |     4 ||    89
 Cast: Magic Dart        |   115 |    97 |   396 |    50 ||   658
       Mephitic Cloud    |     4 |     7 |    43 |     8 ||    62
       Repel Missiles    |     1 |     1 |     3 |       ||     5
       Conjure Flame     |       |     2 |    46 |     1 ||    49
       Blink             |       |     2 |    11 |     3 ||    16
  Use: Scroll            |       |       |     8 |       ||     8
       Potion            |       |       |     1 |     2 ||     3
 Stab: Confused          |       |       |     5 |       ||     5
  Eat: Chunk             |     6 |     4 |    21 |       ||    31
       Fruit             |       |     1 |       |       ||     1
       Meat ration       |       |       |       |     1 ||     1
